 Dungeon Crawl Stone Soup version 0.25.1-2-g60ff931df9 (webtiles) character file.

Game seed: 16538190303949698558

16221 GameOver the Covert (level 12, -5/154 HPs)
             Began as a Naga Wizard on Aug 16, 2020.
             Was a High Priest of Okawaru.
             Slain by a death yak (10 damage)
             ... in a Gauntlet on Aug 17, 2020.
             The game lasted 01:55:50 (10179 turns).

GameOver the Covert (Naga Wizard)                  Turns: 10179, Time: 01:55:50

Health: -5/154     AC: 26    Str: 10    XL:     12   Next: 35%
Magic:  3/19       EV:  1    Int: 22    God:    Okawaru [*****.]
Gold:   477        SH:  0    Dex: 11    Spells: 4/21 levels left

rFire    . . .     SeeInvis +   z - +2 quarterstaff (vorpal)
rCold    . . .     Gourm    .   (shield currently unavailable)
rNeg     + + +     Faith    .   (armour currently unavailable)
rPois    +         Spirit   .   (helmet currently unavailable)
rElec    .         Reflect  .   (cloak currently unavailable)
rCorr    .         Harm     .   (gloves currently unavailable)
MR       +....     NoTele   +   (no barding)
Stlth    +++++++...             e - amulet of magic regeneration
HPRegen  0.35/turn              (no ring)
MPRegen  0.41/turn              r - ring of poison resistance

@: brilliant, tree-form, heroism
A: large, see invisible, slow metabolism 1, spit poison 1, AC +4
a: Spit Poison, Heroism, Finesse, Renounce Religion


You were in a Gauntlet.
You worshipped Okawaru.
Okawaru was extremely pleased with you.
You were not hungry.
You were a tree.
You visited 3 branches of the dungeon, and saw 13 of its levels.
You also visited: Gauntlet.

You collected 851 gold pieces.
You spent 374 gold pieces at shops.

Inventory:

Hand Weapons
 p - a +2 whip of draining
 z - a +2 vorpal quarterstaff (weapon)
 B - a +2 hand axe of electrocution
 J - a +0 broad axe
 W - a +2 trident of protection
Armour
 a - a +0 helmet (melded)
 m - a +2 pair of gloves (melded)
 s - a +2 cloak of poison resistance (melded)
 A - a +2 robe of the Archmagi (melded)
Jewellery
 e - an amulet of magic regeneration (around neck)
 q - an uncursed ring of fire
 r - a ring of poison resistance (right branch)
Wands
 t - a wand of flame (6)
 u - a wand of paralysis (5)
 y - a wand of acid (4)
 M - a wand of random effects (22)
 R - a wand of polymorph (6)
Scrolls
 b - a scroll of summoning
 c - a scroll of magic mapping {unknown}
 h - 3 scrolls of enchant weapon
 i - a scroll of immolation
 l - a scroll of amnesia
 v - a scroll of remove curse
 C - a scroll of identify
 N - 2 scrolls of noise {unknown}
 P - a scroll of fear {unknown}
 U - 2 scrolls of fog
 V - a scroll of silence
 Z - a scroll of enchant armour
Potions
 f - a potion of might
 g - 5 potions of cancellation
 j - a potion of brilliance
 k - a potion of ambrosia {unknown}
 n - 4 potions of curing
 o - a potion of resistance
 w - 2 potions of invisibility
 D - a potion of magic {unknown}
 G - 2 potions of haste
 H - a potion of flight
 K - a potion of mutation
 L - 4 potions of stabbing
Comestibles
 d - 19 rations


   Skills:
 - Level 5.0(10.0) Fighting
 - Level 6.0(11.0) Staves
 - Level 2.0(7.0) Dodging
 - Level 13.0(18.0) Stealth
 - Level 5.0 Spellcasting
 + Level 8.0 Conjurations
   Level 1.0 Summonings
 - Level 3.0 Translocations
 - Level 5.0 Fire Magic
 + Level 4.9 Ice Magic
 + Level 4.9 Air Magic
 - Level 9.0 Poison Magic
 - Level 5.0 Invocations
 * Level 4.2 Evocations


You had 4 spell levels left.
You knew the following spells:

 Your Spells              Type           Power        Failure   Level  Hunger
a - Magic Dart            Conj           ####         1%          1    None
b - Blink                 Tloc           N/A          4%          2    None
d - Mephitic Cloud        Conj/Pois/Air  ######..     1%          3    None
e - Freezing Cloud        Conj/Ice/Air   #####.....   80%         6    None
f - Conjure Flame         Conj/Fire      ######..     1%          3    None
s - Poisonous Vapours     Pois/Air       ######       1%          2    None

Your spell library contained the following spells:

 Spells                   Type           Power        Failure   Level  Hunger
 Call Imp                 Summ           ##......     10%         2    None
 Slow                     Hex            #.......     16%         2    None
 Ring of Flames           Chrm/Fire      ###.......   100%        7    None


Dungeon Overview and Level Annotations

Branches:
Dungeon (11/15)            Temple (1/1) D:5            Lair (1/6) D:9
    Orc (0/2) D:9         Gauntlet (1/1)

Altars:
Ashenzari
Cheibriados
Elyvilon
Fedhas
Gozag
Hepliaklqana
Kikubaaqudgha
Makhleb
Nemelex Xobeh
Okawaru
Qazlal
Ru
Sif Muna
Trog
Uskayaw
Vehumet
Wu Jian
Xom
Yredelemnul
Zin
The Shining One

Shops:
D:7 [!   D:10 %

Annotations:
Gauntlet 8 transporters


Innate Abilities, Weirdness & Mutations

You cannot wear boots.
((Your serpentine skin is tough. (AC +4)))
You have supernaturally acute eyesight. (SInv)
((Armour fits poorly on your strangely shaped body.))
((Your system is resistant to poisons. (rPois)))
((You cover ground very slowly.))
You have a slow metabolism.
You can spit poison.


Message History

The acid corrodes the death yak!
The death yak is severely wounded.
Your magical contamination has completely faded away.
Casting: Mephitic Cloud (safe; 1% risk of failure)
Confirm with . or Enter, or press ? or * to list all spells.
Aiming: Mephitic Cloud (safe; 1% risk of failure)
Press: ? - help, Shift-Dir - straight line You feel a surge of power!
The ball explodes into a vile cloud!
The stinking cloud engulfs you but does no damage.
The stinking cloud engulfs the death yak but does no damage.
The death yak is severely wounded.
The death yak is engulfed in noxious fumes.
Unknown command.
Unknown command.
Unknown command.
You sock the death yak!
The death yak is almost dead.
The death yak is engulfed in noxious fumes.
The death yak gores you!
You die...

#≈..♣.♣P♣.###8.8.8."#...≈##
##.........#©##8^©^8©#.P.##
≈..#########.#8.8.8..#.♣.≈##
...##.##..##.#..u8..$#...≈≈#
...#.#..##.#.#.G8#8u.#...≈##
.###.#.#.#.#.#########.P.##
.#©##.#©.#©#©#.........♣.≈##
.#.#.##.#..#.#########...≈≈#
.#.##..##.[#.###♣Y§..#...≈##
.#.#.##..###.####°##[#...##
.#.#########.#...Y##?#.♣..##..
.#.#.......#©#.#.©.#©#.P...#.♣
##.#...♣P..###.##...=#...♣.#..
.#.#.P..PP...#.##.####.....#.©
.#.#.#≈#≈#P..#.....###.....#..
.#.#.≈≈≈≈≈...#########.....#.©
©#©#.#≈#≈#P♣............∩..#..


You could see 2 death yaks, a great orb of eyes and 2 ugly things.

Vanquished Creatures
  A hydra (D:10)
  4 two-headed ogres
  2 death yaks (Gauntlet)
  Sonja (D:10)
  A necromancer (Gauntlet)
  2 large abominations (Gauntlet)
  A manticore (D:11)
  2 komodo dragons (Lair:1)
  An ice devil (Gauntlet)
  3 trolls
  A queen bee (D:10)
  3 hippogriffs
  A shadow (D:11)
  4 yaks
  A vampire (D:10)
  2 wyverns
  A hungry ghost (D:10)
  An acid dragon (D:11)
  6 small abominations (Gauntlet)
  3 water moccasins
  A porcupine (Lair:1)
  A black bear (D:8)
  A swamp drake (D:9)
  4 ice beasts
  A phantom (D:11)
  An eye of draining (D:9)
  3 necrophages
  2 orc warriors
  2 sky beasts (D:7)
  4 ogres
  7 centaurs
  2 crocodiles (Lair:1)
  Blork the orc (D:5)
  3 big kobolds
  7 bullfrogs
  A gnoll sergeant (D:8)
  4 scorpions
  3 wights (D:8)
  13 killer bees (D:10)
  2 howler monkeys (D:11)
  4 crimson imps
  3 centaur zombies
  A quasit (D:8)
  A bullfrog zombie (D:10)
  5 hounds
  A gnoll shaman (D:8)
  3 iguanas
  3 orc priests
  2 centaur skeletons (D:4)
  2 jellies (D:7)
  Ijyb (D:4)
  16 orc wizards
  8 worker ants
  Terence (D:2)
  A hound zombie (D:6)
  A hound skeleton (D:4)
  Robin (D:2)
  9 gnolls (D:8)
  13 adders
  3 shadow imps
  2 white imps (Gauntlet)
  3 oozes
  An adder zombie (D:8)
  An adder skeleton (D:7)
  A worm (D:2)
  A dart slug (D:3)
  5 leopard geckos
  47 orcs
  8 bats
  5 giant cockroaches
  14 goblins
  13 hobgoblins
  9 jackals
  7 quokkas
  A ball python (D:3)
  6 frilled lizards
  A jackal skeleton (D:2)
  A jackal zombie (D:6)
  30 kobolds
  A leopard gecko skeleton (D:6)
  A quokka skeleton (D:5)
  7 rats
  19 plants (D:10)
367 creatures vanquished.

Vanquished Creatures (collateral kills)
  2 killer bees (D:10)
  An orc (D:4)
3 creatures vanquished.

Vanquished Creatures (others)
  A demonic plant (Gauntlet)
  4 fungi (Lair:1)
  12 plants (Lair:1)
17 creatures vanquished.

Grand Total: 387 creatures vanquished

Notes
Turn   | Place    | Note
-------+----------+-------------------------------------------
     0 | D:1      | GameOver the Naga Wizard began the quest for the Orb.
     0 | D:1      | Reached XP level 1. HP: 15/15 MP: 4/4
   113 | D:1      | Reached XP level 2. HP: 18/22 MP: 3/6
   348 | D:1      | Reached XP level 3. HP: 28/28 MP: 3/7
   352 | D:1      | Learned a level 2 spell: Blink
   356 | D:1      | Learned a level 3 spell: Mephitic Cloud
   687 | D:2      | Reached skill level 1 in Poison Magic
   973 | D:2      | Reached XP level 4. HP: 30/36 MP: 4/8
  1053 | D:2      | Learned a level 3 spell: Conjure Flame
  1082 | D:2      | Noticed Terence
  1162 | D:3      | Found a white marble altar of Elyvilon.
  1334 | D:3      | Found a stormy altar of Qazlal.
  1469 | D:3      | Reached XP level 5. HP: 42/42 MP: 9/9
  1787 | D:4      | Found a radiant altar of Vehumet.
  1863 | D:4      | Reached skill level 4 in Stealth
  1898 | D:4      | Reached XP level 6. HP: 49/49 MP: 6/10
  2026 | D:4      | Reached XP level 7. HP: 43/55 MP: 7/11
  2151 | D:4      | Reached skill level 5 in Stealth
  2252 | D:4      | Reached skill level 5 in Poison Magic
  2585 | D:4      | Noticed Ijyb
  2594 | D:4      | Killed Ijyb
  2806 | D:2      | Killed Terence
  2811 | D:2      | Noticed Robin
  2817 | D:2      | Killed Robin
  2855 | D:2      | Found a faded altar of an unknown god.
  2964 | D:5      | Entered Level 5 of the Dungeon
  3004 | D:5      | Reached skill level 5 in Conjurations
  3027 | D:5      | Found a staircase to the Ecumenical Temple.
  3042 | Temple   | Entered the Ecumenical Temple
  3054 | Temple   | Became a worshipper of Warmaster Okawaru
  3234 | D:5      | Noticed Blork the orc
  3393 | D:5      | Killed Blork the orc
  3488 | D:6      | Noticed a +0 dagger
  3517 | D:6      | Found a sacrificial altar of Ru.
  3532 | D:6      | Reached skill level 6 in Stealth
  3532 | D:6      | Reached XP level 8. HP: 62/62 MP: 5/12
  3704 | D:6      | Found a hide-covered altar of Uskayaw.
  3715 | D:6      | Noticed a +0 hand axe
  3731 | D:6      | Reached * piety under Okawaru
  3894 | D:6      | Reached skill level 7 in Stealth
  4237 | D:7      | Found an iron altar of Okawaru.
  4262 | D:7      | Reached skill level 8 in Stealth
  4364 | D:7      | Reached XP level 9. HP: 48/69 MP: 5/13
  4395 | D:7      | Found Zauwaif's Antique Armour Boutique.
  4404 | D:7      | Reached ** piety under Okawaru
  4404 | D:7      | Reached skill level 1 in Fighting
  4404 | D:7      | Reached skill level 1 in Fire Magic
  4708 | D:7      | Found a sparkling altar of Nemelex Xobeh.
  4745 | D:7      | Reached skill level 9 in Stealth
  4763 | D:7      | Found Yxkoruoz's Distillery.
  4771 | D:7      | Bought a potion of berserk rage for 55 gold pieces
  4771 | D:7      | Bought a potion of stabbing for 44 gold pieces
  4771 | D:7      | Bought a potion of lignification for 33 gold pieces
  4771 | D:7      | Bought a potion of brilliance for 44 gold pieces
  4771 | D:7      | Bought a potion of mutation for 88 gold pieces
  4771 | D:7      | Bought a potion of resistance for 110 gold pieces
  4886 | D:7      | Found a blossoming altar of Fedhas.
  5006 | D:8      | Reached skill level 1 in Invocations
  5038 | D:8      | Noticed a two-headed ogre
  5179 | D:8      | Killed a two-headed ogre
  5179 | D:8      | Reached skill level 10 in Stealth
  5179 | D:8      | Reached skill level 5 in Spellcasting
  5179 | D:8      | Reached XP level 10. HP: 28/85 MP: 2/17
  5396 | D:8      | Reached *** piety under Okawaru
  5970 | D:9      | Reached skill level 5 in Fighting
  5976 | D:9      | Reached skill level 11 in Stealth
  6050 | D:9      | Noticed a two-headed ogre
  6063 | D:9      | Killed a two-headed ogre
  6063 | D:9      | Reached skill level 5 in Fire Magic
  6063 | D:9      | Reached skill level 5 in Invocations
  6105 | D:9      | Found a staircase to the Lair.
  6154 | D:9      | Noticed a two-headed ogre
  6175 | D:9      | Killed a two-headed ogre
  6175 | D:9      | Reached **** piety under Okawaru
  6175 | D:9      | Reached skill level 12 in Stealth
  6266 | D:9      | Reached XP level 11. HP: 54/94 MP: 11/18
  6306 | D:9      | Found a staircase to the Orcish Mines.
  6351 | D:9      | Reached skill level 13 in Stealth
  6386 | D:9      | Learned a level 2 spell: Poisonous Vapours
  6393 | D:9      | Learned a level 6 spell: Freezing Cloud
  6810 | D:10     | Entered Level 10 of the Dungeon
  6835 | D:10     | Reached skill level 1 in Ice Magic
  6835 | D:10     | Reached skill level 1 in Air Magic
  7048 | D:10     | Noticed Sonja
  7059 | D:10     | Killed Sonja
  7059 | D:10     | Received a gift from Okawaru
  7128 | D:10     | Found Vanwe's Food Shoppe.
  7372 | D:10     | Noticed a two-headed ogre
  7372 | D:10     | Noticed a four-headed hydra
  7384 | D:10     | Killed a four-headed hydra
  7384 | D:10     | Reached ***** piety under Okawaru
  7384 | D:10     | Reached skill level 5 in Staves
  7387 | D:10     | Killed a two-headed ogre
  7612 | D:10     | Got a masterwork long sword
  7639 | D:10     | Identified the cursed +1 long sword "Wixusag" {vorpal,
                  | Str+4 Dex+3} (You found it on level 10 of the Dungeon)
  8448 | D:11     | Noticed a manticore
  8459 | D:11     | Killed a manticore
  9127 | D:11     | Reached skill level 1 in Evocations
  9208 | Lair:1   | Entered Level 1 of the Lair of Beasts
  9250 | D:9      | Reached XP level 12. HP: 29/103 MP: 2/19
  9365 | Lair:1   | Found a shimmering altar of Xom.
  9453 | Lair:1   | Found a gate leading to a gauntlet.
  9462 | Gauntlet | Entered a Gauntlet
  9462 | Gauntlet | Found a transporter.
  9465 | Gauntlet | Found a transporter.
  9467 | Gauntlet | Found a transporter.
  9481 | Gauntlet | Found a transporter.
  9483 | Gauntlet | Found a transporter.
  9487 | Gauntlet | Noticed a death yak
  9492 | Gauntlet | Found a transporter.
  9492 | Gauntlet | Noticed a great orb of eyes
  9506 | Gauntlet | Noticed a death yak
  9506 | Gauntlet | Noticed a death yak
  9509 | Gauntlet | Found a transporter.
  9512 | Gauntlet | Noticed a death yak
  9519 | Gauntlet | Found a transporter.
  9529 | Gauntlet | Found a transporter.
  9531 | Gauntlet | Noticed a great orb of eyes
  9536 | Gauntlet | Noticed a spark wasp
  9539 | Gauntlet | Noticed a satyr
  9539 | Gauntlet | a tyrant leech changed into a satyr
  9541 | Gauntlet | Noticed an entropy weaver
  9541 | Gauntlet | a satyr changed into an entropy weaver
  9546 | Gauntlet | Found a transporter.
  9547 | Gauntlet | Noticed a spark wasp
  9547 | Gauntlet | an entropy weaver changed into a spark wasp
  9551 | Gauntlet | Noticed an entropy weaver
  9551 | Gauntlet | a spark wasp changed into an entropy weaver
  9552 | Gauntlet | Found a transporter.
  9554 | Gauntlet | Noticed a death yak
  9554 | Gauntlet | an entropy weaver changed into a death yak
  9556 | Gauntlet | Found a transporter.
  9938 | Gauntlet | Found a transporter.
 10151 | Gauntlet | Killed a death yak
 10159 | Gauntlet | HP: 3/103 [necromancer/bolt of cold (18)]
 10168 | Gauntlet | Killed a death yak
 10176 | Gauntlet | HP: 4/154 [death yak simulacrum (30)]
 10179 | Gauntlet | Slain by a death yak

Illustrated notes

Levels and vault maps discovered:
D:1:      minmay_arrival_four_circles, layout_loops_ring
D:2:      layout_rooms, chequers_ecumenical_altar_simple, uniq_terence,
          uniq_robin
D:3:      layout_basic, grunt_qazlal_clouds, serial_bayou, serial_bayou_pond_b,
          serial_bayou_lagoon_a, serial_bayou_pond_b, serial_bayou_pond_d,
          serial_bayou_pond_d, elyvilon_altar_4
D:4:      layout_gridville, vehumet_altar_wand_db, first_ration, uniq_ijyb
D:5:      layout_gridville, minmay_temple_entry_antechambers, uniq_blork_the_orc
D:6:      layout_rooms, overflow_temple_1_default, dancing_weapons_uskayaw,
          mrwooster_statue_mirror
D:7:      layout_basic, nemelex_altar_shiori, nicolae_overflow_hidden_temple,
          basic_altar, serial_shops, nicolae_shop_stone, shop
D:8:      layout_rooms, serial_undead, serial_undead_d, serial_undead_a,
          serial_undead_a, serial_undead_c
D:9:      layout_roguey, lair_entry_dummy, erik_orc_1
D:10:     wad_woods_structure_01, layout_basic, serial_shops, kennysheep_mini,
          serial_curves, eino_curves_02, eino_curves_04, david_nohive_1,
          uniq_sonja
D:11:     layout_cave_pods
Temple:   nicolae_temple_x_marks_the_god
Lair:1:   minmay_lair_venomous_thicket, layout_regular_city,
          gauntlet_entry_generic, st_stairs_10, minmay_lair_oklob_items,
          lemuel_altar_in_water2, grunt_megastairs_5
Gauntlet: minmay_gauntlet_77_tree [minmay_gauntlet_arena_77_two_paths,
          minmay_gauntlet_arena_77_mess, minmay_gauntlet_arena_77_checkered,
          minmay_gauntlet_arena_77_terracotta_army,
          minmay_gauntlet_arena_77_p_blocks, minmay_gauntlet_arena_77_box,
          minmay_gauntlet_arena_77_fan, gauntlet_exit_hidden_loot]

Skill      XL: |  1  2  3  4  5  6  7  8  9 10 11 12 |
---------------+-------------------------------------+-----
Conjurations   | 2 3 4 5 6 7 8 |  8.0
Poison Magic   | 1 2 3 4 6 9 |  9.0
Stealth        | 4 6 8 10 12 13 | 13.0
Translocations | 2 3 |  3.0
Fighting       | 4 5 |  5.0
Fire Magic     | 3 5 |  5.0
Spellcasting   | 5 |  5.0
Invocations    | 2 5 |  5.0
Staves         | 2 6 |  6.0
Dodging        | 2 |  2.0
Ice Magic      | 4 |  4.9
Air Magic      | 4 |  4.9
Evocations     | 1 4 |  4.2
Summonings     | |  1.0

Action                   |  1- 3 |  4- 6 |  7- 9 | 10-12 || total
-------------------------+-------+-------+-------+-------++-------
Melee: Spear             |     5 |    19 |       |       ||    24
       Whip              |       |    22 |    47 |     6 ||    75
       Hand axe          |       |       |   102 |    11 ||   113
       Quarterstaff      |       |       |       |   577 ||   577
       Trident           |       |       |       |    19 ||    19
       Punch             |       |       |       |     1 ||     1
 Cast: Magic Dart        |    56 |    58 |   130 |   192 ||   436
       Mephitic Cloud    |       |    10 |    38 |    52 ||   100
       Conjure Flame     |       |     2 |     8 |    22 ||    32
       Blink             |       |       |    25 |    44 ||    69
       Poisonous Vapours |       |       |       |    33 ||    33
Invok: Heroism           |       |       |     3 |    31 ||    34
       Finesse           |       |       |       |     3 ||     3
 Abil: Spit Poison       |    27 |    40 |    71 |    87 ||   225
Evoke: Wand              |       |       |     5 |    12 ||    17
  Use: Scroll            |       |       |    10 |     6 ||    16
       Potion            |       |       |     5 |     8 ||    13
 Stab: Sleeping          |     1 |       |     1 |     1 ||     3
       Confused          |       |     2 |     8 |    18 ||    28
  Eat: Chunk             |     1 |     4 |    11 |    17 ||    33
       Ration            |       |     1 |     2 |     2 ||     5
Armor: Robe              |    10 |    22 |    65 |   137 ||   234
       Skin              |       |       |     1 |    14 ||    15
Dodge: Dodged            |    17 |    32 |    76 |   170 ||   295
